IL
COLORADO SPRINGS SKY SOX @ IOWA CUBS
07/25/2044
 
TOP OF THE 1ST
Colorado Springs Sky Sox batting - Pitching for Iowa Cubs : RHP Chris Allen
Pitching: RHP Chris Allen
Batting: RHB Kennet Strijbis 0-0: Ball
1-0: Foul Ball, location: 2F
1-1: Ball
2-1: Foul Ball, location: 2F
2-2: Ball
3-2: Base on Balls
Batting: RHB George Lundy 0-0: Ball
1-0: DOUBLE (Line Drive, 78D, EV 101.9 MPH)
Kennet Strijbis to third
Runner from 3rd tries for Home, throw by LF and OUT! 7-6-2
George Lundy to third
Batting: RHB John Michener 0-0: Ball
1-0: Ground out 6-3 (Groundball, 6, EV 86.2 MPH)
George Lundy scores
Batting: LHB Koson Hirai 0-0: Called Strike
0-1: Ball
1-1: Ball
2-1: Called Strike
2-2: Ball
3-2: Foul Ball, location: 2F
3-2: Base on Balls
Batting: RHB Orlando Fernandez 0-0: Called Strike
0-1: Ball
1-1: Ball
2-1: Foul Ball, location: 2F
2-2: Foul Ball, location: 2F
2-2: Foul Ball, location: 2F
2-2: Ball
3-2: Fly out, F8 (Flyball, 8LXD, EV 95.6 MPH)
Top of the 1st over - 1 run, 1 hit, 0 errors, 1 left on base; Colorado Springs 1 - Iowa 0
BOTTOM OF THE 1ST
Iowa Cubs batting - Pitching for Colorado Springs Sky Sox : LHP Tristan Morrow
Pitching: LHP Tristan Morrow
Batting: LHB Barend van der Kamp 0-0: Fly out, F9 (Flyball, 9S, EV 76.9 MPH)
Batting: RHB Pat Barton 0-0: Foul Ball, location: 2F
0-1: Foul Ball, location: 2F
0-2: Ball
1-2: Fly out, F7 (Flyball, 7LM, EV 73.8 MPH)
Batting: SHB Tim Hone 0-0: Called Strike
0-1: Ball
1-1: Ball
2-1: Foul Ball, location: 2F
2-2: Ground out 6-3 (Groundball, 6, EV 99.4 MPH)
Bottom of the 1st over - 0 runs, 0 hits, 0 errors, 0 left on base; Colorado Springs 1 - Iowa 0
TOP OF THE 2ND
Colorado Springs Sky Sox batting - Pitching for Iowa Cubs : RHP Chris Allen
Batting: RHB R.J. Anchondo 0-0: Foul Ball, location: 2F
0-1: Called Strike
0-2: Strikes out swinging
Batting: RHB Eduardo Camacho 0-0: Called Strike
0-1: SINGLE (Groundball, 4S, EV 67.5 MPH) (infield hit)
Pitching: LHP Shane Stratton
Batting: RHB Dwane Reed 0-0: Grounds into double play, 4-6-3 (Groundball, 34, EV 106.2 MPH)
Top of the 2nd over - 0 runs, 1 hit, 0 errors, 0 left on base; Colorado Springs 1 - Iowa 0
BOTTOM OF THE 2ND
Iowa Cubs batting - Pitching for Colorado Springs Sky Sox : LHP Tristan Morrow
Batting: RHB Butch Koglin 0-0: Ball
1-0: Ball
2-0: Ground out 6-3 (Groundball, 6, EV 84.4 MPH)
Batting: SHB Seung-ho Zhang 0-0: Ball
1-0: Ball
2-0: SINGLE (Flyball, 9, EV 81.9 MPH)
Batting: LHB Chris Morgan 0-0: Called Strike
0-1: Ball
1-1: Called Strike
1-2: Ball
2-2: Ball
Seung-ho Zhang is caught stealing 2nd base 2-6
3-2: Ground out 5-3 (Groundball, 56, EV 88.1 MPH)
Bottom of the 2nd over - 0 runs, 1 hit, 0 errors, 0 left on base; Colorado Springs 1 - Iowa 0
TOP OF THE 3RD
Colorado Springs Sky Sox batting - Pitching for Iowa Cubs : LHP Shane Stratton
Batting: RHB Colin Lord 0-0: Ball
1-0: Ball
2-0: Foul Ball, location: 2F
2-1: SINGLE (Flyball, 7S, EV 92.5 MPH)
Batting: RHB Kennet Strijbis 0-0: Ball
1-0: Called Strike
1-1: Foul Ball, location: 2F
1-2: Ball
2-2: Ball
3-2: Foul Ball, location: 2F
3-2: Strikes out swinging
Batting: RHB George Lundy 0-0: Foul Ball, location: 2F
0-1: Swinging Strike
0-2: Foul Ball, location: 2F
0-2: Strikes out swinging
Batting: RHB John Michener Pickoff Throw to First - Out! 1-3
Top of the 3rd over - 0 runs, 1 hit, 0 errors, 0 left on base; Colorado Springs 1 - Iowa 0
BOTTOM OF THE 3RD
Iowa Cubs batting - Pitching for Colorado Springs Sky Sox : LHP Tristan Morrow
Batting: SHB Nick Chandler 0-0: Foul Ball, location: 2F
0-1: Ground out 6-3 (Groundball, 6, EV 85.0 MPH)
Batting: LHB Rich Atterberry 0-0: Swinging Strike
0-1: Ball
1-1: Ball
2-1: Ball
3-1: Base on Balls
Batting: LHB Jose Mojica 0-0: Foul Ball, location: 2F
0-1: Called Strike
0-2: Ball
1-2: Foul Ball, location: 2F
1-2: Strikes out swinging
Batting: LHB Barend van der Kamp 0-0: Ball
1-0: Called Strike
1-1: Ball
2-1: Ball
3-1: Base on Balls
Rich Atterberry to second
Batting: RHB Pat Barton 0-0: Foul Ball, location: 2F
0-1: Swinging Strike
0-2: Ball
1-2: Ball
2-2: Foul Ball, location: 2F
2-2: Strikes out looking
Bottom of the 3rd over - 0 runs, 0 hits, 0 errors, 2 left on base; Colorado Springs 1 - Iowa 0
TOP OF THE 4TH
Colorado Springs Sky Sox batting - Pitching for Iowa Cubs : LHP Shane Stratton
Batting: RHB John Michener 0-0: Called Strike
0-1: Ball
1-1: Ball
2-1: Called Strike
2-2: Foul Ball, location: 2F
2-2: Ball
3-2: Ground out 4-3 (Groundball, 4, EV 90.0 MPH)
Batting: LHB Koson Hirai 0-0: Ball
1-0: Ball
2-0: Ball
3-0: Base on Balls
Batting: RHB Orlando Fernandez 0-0: Swinging Strike
0-1: Foul Ball, location: 2F
0-2: Foul Ball, location: 2F
0-2: Fly out, F8 (Line Drive, 8RD, EV 90.0 MPH)
Batting: RHB R.J. Anchondo 0-0: Fly out, F7 (Flyball, 7D, EV 101.9 MPH)
Top of the 4th over - 0 runs, 0 hits, 0 errors, 1 left on base; Colorado Springs 1 - Iowa 0
BOTTOM OF THE 4TH
Iowa Cubs batting - Pitching for Colorado Springs Sky Sox : LHP Tristan Morrow
Batting: SHB Tim Hone 0-0: Ground out 3-1 (Groundball, 34, EV 96.2 MPH)
Batting: RHB Butch Koglin 0-0: Ball
1-0: Swinging Strike
1-1: Called Strike
1-2: Ball
2-2: Fly out, F5 (Line Drive, 5, EV 73.8 MPH)
Batting: SHB Seung-ho Zhang 0-0: DOUBLE (Line Drive, 89D, EV 106.2 MPH)
Batting: LHB Chris Morgan 0-0: Called Strike
0-1: Fly out, F8 (Flyball, 78M, EV 75.6 MPH)
Bottom of the 4th over - 0 runs, 1 hit, 0 errors, 1 left on base; Colorado Springs 1 - Iowa 0
TOP OF THE 5TH
Colorado Springs Sky Sox batting - Pitching for Iowa Cubs : LHP Shane Stratton
Batting: RHB Eduardo Camacho 0-0: Ground out 6-3 (Groundball, 6, EV 107.5 MPH)
Batting: RHB Dwane Reed 0-0: Ball
1-0: Ball
2-0: Swinging Strike
2-1: Foul Ball, location: 2F
2-2: Ball
3-2: Fly out, F6 (Line Drive, 6, EV 76.2 MPH)
Batting: RHB Colin Lord 0-0: Ball
1-0: Foul Ball, location: 2F
1-1: Ball
2-1: Swinging Strike
2-2: Ball
3-2: SINGLE (Groundball, 6MD, EV 103.8 MPH)
Batting: RHB Kennet Strijbis 0-0: Ball
1-0: SINGLE (Groundball, 6M, EV 97.5 MPH)
Colin Lord to second
Runner from 2nd tries for 3rd, SAFE, throw by CF made to third
Batting: RHB George Lundy 0-0: Ball
1-0: Ball
2-0: Fly out, F8 (Line Drive, 8LD, EV 103.8 MPH)
Top of the 5th over - 0 runs, 2 hits, 0 errors, 2 left on base; Colorado Springs 1 - Iowa 0
BOTTOM OF THE 5TH
Iowa Cubs batting - Pitching for Colorado Springs Sky Sox : LHP Tristan Morrow
Batting: SHB Nick Chandler 0-0: Ground out 5-3 (Groundball, 56S, EV 89.4 MPH)
Batting: LHB Rich Atterberry 0-0: Ball
1-0: Foul Ball, location: 2F
1-1: Ball
2-1: Swinging Strike
2-2: Ball
3-2: Base on Balls
Batting: LHB Jose Mojica 0-0: Foul Ball, location: 2F
0-1: Ground out 4-3 (Groundball, 4S, EV 64.4 MPH)
Rich Atterberry to second
Batting: LHB Barend van der Kamp 0-0: Ground out 4-3 (Groundball, 4, EV 79.4 MPH)
Bottom of the 5th over - 0 runs, 0 hits, 0 errors, 1 left on base; Colorado Springs 1 - Iowa 0
TOP OF THE 6TH
Colorado Springs Sky Sox batting - Pitching for Iowa Cubs : LHP Shane Stratton
Batting: RHB John Michener 0-0: Called Strike
0-1: Ball
1-1: SINGLE (Groundball, 56D, EV 105.0 MPH)
Batting: LHB Koson Hirai 0-0: Ball
1-0: Ball
2-0: Fly out, F9 (Flyball, 9D, EV 86.9 MPH)
Pitching: RHP Pat Stone
Batting: RHB Orlando Fernandez 0-0: Ball
1-0: Ball
2-0: Called Strike
2-1: Ball
3-1: Base on Balls
John Michener to second
Batting: RHB R.J. Anchondo 0-0: Called Strike
0-1: Ball
1-1: Hit by Pitch
John Michener to third
Orlando Fernandez to second
Batting: RHB Eduardo Camacho 0-0: Grounds into fielders choice 6-2 (Groundball, P, EV 86.2 MPH)
Orlando Fernandez to third
R.J. Anchondo to second
Batting: RHB Dwane Reed 0-0: Ball
1-0: Ball
2-0: Called Strike
2-1: Fielders Choice at 2nd, 5-4 (Groundball, 56, EV 102.5 MPH)
Top of the 6th over - 0 runs, 1 hit, 0 errors, 3 left on base; Colorado Springs 1 - Iowa 0
BOTTOM OF THE 6TH
Iowa Cubs batting - Pitching for Colorado Springs Sky Sox : LHP Tristan Morrow
Batting: RHB Pat Barton 0-0: Ball
1-0: Swinging Strike
1-1: Swinging Strike
1-2: Ball
2-2: Fly out, F7 (Flyball, 78S, EV 98.1 MPH)
Batting: SHB Tim Hone 0-0: Foul Ball, location: 2F
0-1: Ball
1-1: Ball
2-1: Ball
3-1: Foul Ball, location: 2F
3-2: Ground out 4-3 (Groundball, 4S, EV 91.9 MPH)
Batting: RHB Butch Koglin 0-0: Ball
1-0: SINGLE (Groundball, 4MD, EV 107.5 MPH)
Batting: SHB Seung-ho Zhang 0-0: Ball
1-0: Swinging Strike
1-1: Swinging Strike
1-2: Fly out, F3 (Popup, 3F, EV 77.5 MPH)
Bottom of the 6th over - 0 runs, 1 hit, 0 errors, 1 left on base; Colorado Springs 1 - Iowa 0
TOP OF THE 7TH
Colorado Springs Sky Sox batting - Pitching for Iowa Cubs : RHP Pat Stone
Batting: RHB Colin Lord 0-0: Fly out, F7 (Flyball, 78S, EV 84.4 MPH)
Batting: RHB Kennet Strijbis 0-0: Swinging Strike
0-1: Ball
1-1: Ground out 6-3 (Groundball, 6, EV 88.1 MPH)
Batting: RHB George Lundy 0-0: Swinging Strike
0-1: Foul Ball, location: 2F
0-2: Ball
1-2: Strikes out swinging
Top of the 7th over - 0 runs, 0 hits, 0 errors, 0 left on base; Colorado Springs 1 - Iowa 0
BOTTOM OF THE 7TH
Iowa Cubs batting - Pitching for Colorado Springs Sky Sox : LHP Tristan Morrow
Batting: LHB Chris Morgan 0-0: Called Strike
0-1: Ball
1-1: Ball
2-1: Ground out 6-3 (Groundball, 6M, EV 106.9 MPH)
Batting: SHB Nick Chandler 0-0: Swinging Strike
0-1: Ball
1-1: Foul Ball, location: 2F
1-2: Ball
2-2: Ball
3-2: Base on Balls
Pitching: LHP Jim McCutcheon
Batting: LHB Rich Atterberry 0-0: Called Strike
0-1: Foul Ball, location: 2F
0-2: Ball
1-2: Fly out, F9 (Line Drive, 9D, EV 92.5 MPH)
Pinch Hitting: RHB Shintaro Katsumata 0-0: Ground out 5-3 (Groundball, 5S, EV 85.0 MPH)
Bottom of the 7th over - 0 runs, 0 hits, 0 errors, 1 left on base; Colorado Springs 1 - Iowa 0
TOP OF THE 8TH
Colorado Springs Sky Sox batting - Pitching for Iowa Cubs : RHP Pat Stone
Now at SS: Shintaro Katsumata
Batting: RHB John Michener 0-0: Called Strike
0-1: SINGLE (Groundball, 56, EV 100.6 MPH)
Batting: LHB Koson Hirai 0-0: Foul Ball, location: 2F
0-1: Ball
1-1: Ball
2-1: Ball
3-1: Foul Ball, location: 2F
3-2: Foul Ball, location: 2F
3-2: SINGLE (Groundball, 34D, EV 103.8 MPH)
John Michener to second
Runner from 2nd tries for 3rd, SAFE, throw by RF made to third
Batting: RHB Orlando Fernandez 0-0: Ball
Wild Pitch!
John Michener scores
Koson Hirai to second
1-0: Fly out, F9 (Flyball, 9D, EV 87.5 MPH)
Runner from 2nd tags up, SAFE at 3rd, no throw by RF
Batting: RHB R.J. Anchondo 0-0: Called Strike
0-1: Ball
1-1: Ball
2-1: Foul Ball, location: 2F
2-2: Ball
3-2: Base on Balls
Batting: RHB Eduardo Camacho 0-0: Ball
1-0: Called Strike
1-1: Ground out 5-3 (Groundball, 6S, EV 82.5 MPH)
R.J. Anchondo to second
Batting: RHB Dwane Reed 0-0: Called Strike
0-1: Ball
1-1: Ball
2-1: Ball
3-1: Base on Balls
Pitching: RHP Joe Pate
Batting: RHB Colin Lord 0-0: Ball
1-0: Ball
2-0: Swinging Strike
2-1: Ball
3-1: Foul Ball, location: 2F
3-2: Strikes out swinging
Top of the 8th over - 1 run, 2 hits, 0 errors, 3 left on base; Colorado Springs 2 - Iowa 0
BOTTOM OF THE 8TH
Iowa Cubs batting - Pitching for Colorado Springs Sky Sox : LHP Jim McCutcheon
Batting: LHB Barend van der Kamp 0-0: Ground out 3-1 (Groundball, 34, EV 104.4 MPH)
Batting: RHB Pat Barton 0-0: Ball
1-0: Called Strike
1-1: Foul Ball, location: 2F
1-2: Ball
2-2: Ball
3-2: Base on Balls
Batting: SHB Tim Hone 0-0: Fly out, F7 (Flyball, 78D, EV 100.0 MPH)
Batting: RHB Butch Koglin 0-0: Ball
1-0: Swinging Strike
1-1: Ball
2-1: Foul Ball, location: 2F
2-2: Ground out 5-3 (Groundball, 56S, EV 85.6 MPH)
Bottom of the 8th over - 0 runs, 0 hits, 0 errors, 1 left on base; Colorado Springs 2 - Iowa 0
TOP OF THE 9TH
Colorado Springs Sky Sox batting - Pitching for Iowa Cubs : RHP Joe Pate
Batting: RHB Kennet Strijbis 0-0: Called Strike
0-1: Foul Ball, location: 2F
0-2: Ball
1-2: Foul Ball, location: 2F
1-2: Strikes out swinging
Batting: RHB George Lundy 0-0: Called Strike
0-1: Foul Ball, location: 2F
0-2: Strikes out swinging
Batting: RHB John Michener 0-0: Ball
1-0: Called Strike
1-1: Foul Ball, location: 2F
1-2: Strikes out looking
Top of the 9th over - 0 runs, 0 hits, 0 errors, 0 left on base; Colorado Springs 2 - Iowa 0
BOTTOM OF THE 9TH
Iowa Cubs batting - Pitching for Colorado Springs Sky Sox : LHP Jim McCutcheon
Pitching: RHP Victor Castillo
Batting: SHB Seung-ho Zhang 0-0: Ball
1-0: Foul Ball, location: 2F
1-1: Ball
2-1: Ball
3-1: Base on Balls
Batting: LHB Chris Morgan 0-0: Ball
1-0: Foul Ball, location: 2F
1-1: Ball
2-1: Ball
3-1: Swinging Strike
3-2: Foul Ball, location: 2F
3-2: Strikes out swinging
Seung-ho Zhang steals 2nd base
Batter strikes out.
Batting: SHB Nick Chandler 0-0: Ball
1-0: Called Strike
1-1: Foul Ball, location: 2F
1-2: Strikes out swinging
Batting: LHB Rich Atterberry 0-0: Ball
1-0: 2-RUN HOME RUN (Line Drive, 9D, EV 100.0 MPH), Distance : 390 ft
Pinch Hitting: LHB J.D. Brenner 0-0: Foul Ball, location: 2F
0-1: Ball
1-1: Called Strike
1-2: Strikes out swinging
Bottom of the 9th over - 2 runs, 1 hit, 0 errors, 0 left on base; Colorado Springs 2 - Iowa 2
TOP OF THE 10TH
Colorado Springs Sky Sox batting - Pitching for Iowa Cubs : RHP Joe Pate
Now at SS: Bobby Adams
Batting: LHB Koson Hirai 0-0: Called Strike
0-1: Ball
1-1: Ball
2-1: Called Strike
2-2: Ball
3-2: Ground out 4-3 (Groundball, 4, EV 101.9 MPH)
Batting: RHB Orlando Fernandez 0-0: Called Strike
0-1: Ball
1-1: Ball
2-1: Swinging Strike
2-2: Ball
3-2: Base on Balls
Batting: RHB R.J. Anchondo 0-0: Called Strike
0-1: Ball
1-1: Swinging Strike
1-2: Foul Ball, location: 2F
1-2: Strikes out swinging
Batting: RHB Eduardo Camacho 0-0: Called Strike
0-1: Foul Ball, location: 2F
0-2: Ball
1-2: Strikes out swinging
Top of the 10th over - 0 runs, 0 hits, 0 errors, 1 left on base; Colorado Springs 2 - Iowa 2
BOTTOM OF THE 10TH
Iowa Cubs batting - Pitching for Colorado Springs Sky Sox : RHP Victor Castillo
Batting: LHB Barend van der Kamp 0-0: Swinging Strike
0-1: Ball
1-1: Foul Ball, location: 2F
1-2: Strikes out swinging
Pitching: RHP Edwin Vasquez
Batting: RHB Pat Barton 0-0: Ball
1-0: Ball
2-0: Ball
3-0: Called Strike
3-1: Swinging Strike
3-2: Foul Ball, location: 2F
3-2: Base on Balls
Batting: SHB Tim Hone
Pitching: RHP Edward Cadenhead 0-0: Ball
1-0: Called Strike
Pat Barton steals 2nd base
1-1: Called Strike
1-2: Fly out, F7 (Line Drive, 7, EV 88.8 MPH)
Batting: RHB Butch Koglin 0-0: Foul Ball, location: 2F
0-1: Called Strike
0-2: Ground out 4-3 (Groundball, 4, EV 89.4 MPH)
Bottom of the 10th over - 0 runs, 0 hits, 0 errors, 1 left on base; Colorado Springs 2 - Iowa 2
TOP OF THE 11TH
Colorado Springs Sky Sox batting - Pitching for Iowa Cubs : RHP Joe Pate
Pitching: RHP Mike Richardson
Batting: RHB Dwane Reed 0-0: Called Strike
0-1: Ball
1-1: SINGLE (Groundball, 56S, EV 69.4 MPH) (infield hit)
Batting: RHB Colin Lord 0-0: Called Strike
0-1: Sac Bunt to 13 - play at first, batter OUT! 1-4
Dwane Reed to second
Batting: RHB Kennet Strijbis 0-0: Called Strike
0-1: Foul Ball, location: 2F
0-2: Ball
1-2: Ball
2-2: Foul Ball, location: 2F
2-2: Strikes out swinging
Batting: RHB George Lundy 0-0: Called Strike
0-1: Foul Ball, location: 2F
0-2: Ball
1-2: DOUBLE (Groundball, 5L, EV 105.6 MPH)
Dwane Reed scores
Batting: RHB John Michener 0-0: Ground out 6-3 (Groundball, 6M, EV 108.1 MPH)
Top of the 11th over - 1 run, 2 hits, 0 errors, 1 left on base; Colorado Springs 3 - Iowa 2
BOTTOM OF THE 11TH
Iowa Cubs batting - Pitching for Colorado Springs Sky Sox : RHP Edward Cadenhead
Batting: SHB Seung-ho Zhang 0-0: Called Strike
0-1: Called Strike
0-2: SINGLE (Groundball, 25, EV 66.2 MPH) (infield hit)
Batting: LHB Chris Morgan 0-0: Called Strike
0-1: Called Strike
0-2: Ball
1-2: 2-RUN HOME RUN (Line Drive, 89XD, EV 109.4 MPH), Distance : 414 ft
Bottom of the 11th over - 2 runs, 2 hits, 0 errors, 0 left on base; Colorado Springs 3 - Iowa 4
Game Over ... Iowa defeats Colorado Springs, 4 to 3
Thursday, March 31st , 2022 - OOTP Baseball 22.12 Build 89